[Event "Titled Tuesday Blitz April 05 Late 2022"]
[White "Mohammadian, Mohammad"]
[Black "Petrova, Irina"]
[WhiteFideId "12566055"]
[BlackFideId "14124122"]
[WhiteElo "1544"]
[BlackElo "1993"]
[Result "0-1"]
[Round "08"]
[TimeControl "180+1"]
[Date "2022.04.06"]
[WhiteClock "0:00:03"]
[BlackClock "0:00:56"]

1. e4 d6 2. d4 Nf6 3. Bd3 e5 4. d5 Be7 5. Nf3 c6 6. c4 O-O 7. Nc3 h6 8. Be3 Ng4 9. O-O Nxe3 10. fxe3 Na6 11. Ne2 Qb6 12. Qd2 Nc5 13. Bc2 Qxb2 14. Rfb1 Qa3 15. Ng3 Qa6 16. Qe2 cxd5 17. exd5 f5 18. e4 f4 19. Nf5 Bxf5 20. exf5 Bf6 21. Rb5 e4 22. Rab1 exf3 23. gxf3 Qa3 24. Qg2 Qe3+ 25. Kh1 Rae8 26. Bb3 Qe1+ 27. Rxe1 Rxe1+ 28. Qg1 Rxg1+ 29. Kxg1 a6 30. Rb6 Nxb3 31. axb3 Bd4+ 32. Kg2 Bxb6 33. Kh3 Re8 34. Kg4 Re3 35. Kxf4 Rxb3 36. h4 Bc5 37. f6 gxf6 38. Kf5 Rxf3+ 39. Kg6 a5 40. Kxh6 a4 41. Kg6 Rg3+ 42. Kxf6 a3 43. h5 a2 44. h6 a1=Q+ 45. Ke6 Qe5+ 46. Kd7 Qf5+ 47. Kc7 Qf7+ 48. Kb8 b5 49. cxb5 Bb6 0-1


[Site "https://www.chess.com"]

[Event "Titled Tuesday Blitz April 05 Late 2022"]
[White "Murzin, Volodar"]
[Black "Kollars, Dmitrij"]
[WhiteFideId "44155573"]
[BlackFideId "12909572"]
[WhiteElo "2585"]
[BlackElo "2584"]
[Result "1-0"]
[Round "08"]
[TimeControl "180+1"]
[Date "2022.04.05"]
[WhiteClock "0:00:08"]
[BlackClock "0:00:13"]

1. e4 c5 2. Nf3 d6 3. c3 Nf6 4. h3 e6 5. Bd3 Be7 6. O-O O-O 7. Bc2 c4 8. Qe2 Qc7 9. a4 e5 10. Na3 Be6 11. Ng5 Rc8 12. Nxe6 fxe6 13. d3 cxd3 14. Bxd3 Nc6 15. Bc4 d5 16. exd5 exd5 17. Ba2 Bxa3 18. bxa3 Kh8 19. Rd1 d4 20. Bb2 Re8 21. Rac1 Rad8 22. cxd4 exd4 23. Qf3 Qa5 24. Qb3 Qf5 25. Bb1 Qf4 26. Qxb7 Rb8 27. Qxc6 Rxb2 28. Rc2 Rb6 29. Qc7 Rd6 30. Rc6 Red8 31. Re1 h6 32. g3 Qd2 33. Re7 Nd5 34. Qxd6 Rf8 35. Rc2 Qd1+ 36. Kg2 Nxe7 37. Qxe7 Qf3+ 38. Kh2 Rb8 39. Ba2 d3 40. Rd2 Rf8 41. Qe3 Qf6 42. Bb1 a5 43. Qxd3 g6 44. Qxg6 Qxg6 45. Bxg6 Rf6 46. Bc2 Rb6 47. Re2 Rb2 48. Kg2 Ra2 49. Kf3 Rxa3+ 50. Re3 Ra2 51. Rc3 Kg7 52. h4 Kf6 53. g4 Ke5 54. Rc4 Kd5 55. Bb3 Ra3 56. Rc3+ Kd4 57. Re3 Kc5 58. g5 hxg5 59. hxg5 Ra1 60. Kf4 Rg1 61. Rg3 Rf1 62. g6 Rxf2+ 63. Kg5 Rg2 64. Rxg2 1-0


[Site "https://www.chess.com"]

[Event "Titled Tuesday Blitz April 05 Late 2022"]
[White "Naroditsky, Daniel"]
[Black "Holt, Conrad"]
[WhiteFideId "2026961"]
[BlackFideId "2034387"]
[WhiteElo "2608"]
[BlackElo "2586"]
[Result "1-0"]
[Round "08"]
[TimeControl "180+1"]
[Date "2022.04.05"]
[WhiteClock "0:00:08"]
[BlackClock "0:00:03"]

1. e4 e6 2. d4 d5 3. Nc3 Nf6 4. Bg5 dxe4 5. Nxe4 Be7 6. Bxf6 Bxf6 7. Nf3 Nd7 8. Bd3 c5 9. Nxf6+ Qxf6 10. c3 O-O 11. O-O cxd4 12. Nxd4 e5 13. Nb3 Nb6 14. Qe2 Bd7 15. Rad1 Rae8 16. Be4 a6 17. Rfe1 Re7 18. Nc5 Bc6 19. g3 g6 20. b3 Rc8 21. c4 Kg7 22. Qe3 h6 23. h4 Rce8 24. a4 a5 25. Qc3 Ra8 26. Rd3 Bxe4 27. Nxe4 Qf5 28. Rf3 Qd7 29. Nf6 Qd6 30. c5 Qc7 31. h5 Re6 32. hxg6 Rxf6 33. Rxf6 Kxf6 34. Qf3+ Kxg6 35. cxb6 Qxb6 36. Rxe5 Rd8 37. Qg4+ Kh7 38. Qe4+ Qg6 39. Qxg6+ Kxg6 40. Rxa5 Rd6 41. Rb5 b6 42. b4 Kf6 43. a5 bxa5 44. bxa5 Rd1+ 45. Kg2 Ra1 46. Rb6+ Kg7 47. a6 h5 48. Kf3 Ra2 49. Ke3 Kh7 50. Rc6 Kg7 51. Kf3 Kh7 52. Rd6 Kg7 53. Kg2 Kh7 54. Kf1 Kg7 55. Kg2 Kh7 56. Kf3 Kg7 57. Ke3 Kh7 58. f3 Ra3+ 59. Kf4 Kg7 60. Rc6 Kh7 61. Ke4 Kg7 62. Rd6 Kh7 63. Rb6 Kg7 64. Kf4 Kh7 65. Rb7 Rxa6 66. Rxf7+ Kg6 67. Re7 Rf6+ 68. Ke3 Ra6 69. Kf2 Ra2+ 70. Re2 Ra3 71. Kg2 Kg5 72. Rb2 Kg6 73. Rb6+ Kg7 74. Rb5 Kg6 75. f4 Rc3 76. Kh3 Rc1 77. Rb6+ Kg7 78. Kh4 Rh1+ 79. Kg5 Rh3 80. Rb7+ Kf8 81. Kf6 Ke8 82. Rg7 Kf8 83. Rf7+ Kg8 84. Rg7+ Kf8 85. Rg5 Rh1 86. f5 h4 87. Rh5 Kg8 88. Rxh4 Rg1 89. Rg4+ Kh7 90. Rg7+ Kh6 91. Rg6+ Kh7 92. g4 Ra1 93. Kg5 Ra5 94. Rh6+ Kg7 95. Rc6 Ra3 96. Rc7+ Kf8 97. Kg6 Rg3 98. g5 1-0


[Site "https://www.chess.com"]

[Event "Titled Tuesday Blitz April 05 Late 2022"]
[White "Nasuta, Grzegorz"]
[Black "Vovk, Orest"]
[WhiteFideId "1141686"]
[BlackFideId "14113490"]
[WhiteElo "2396"]
[BlackElo "2203"]
[Result "1/2-1/2"]
[Round "08"]
[TimeControl "180+1"]
[Date "2022.04.05"]
[WhiteClock "0:00:14"]
[BlackClock "0:00:03"]

1. a3 g5 2. h4 g4 3. c4 g3 4. fxg3 Nf6 5. d3 Nh5 6. g4 Ng3 7. Rh3 Nxf1 8. Kxf1 d5 9. cxd5 Qxd5 10. e4 Qe6 11. Nc3 Qxg4 12. Qxg4 Bxg4 13. Rg3 h5 14. Bf4 Na6 15. Nf3 O-O-O 16. Ne5 Be6 17. Rc1 Bh6 18. Bxh6 Rxh6 19. Ke2 f6 20. Ng6 Bg4+ 21. Rxg4 hxg4 22. Nxe7+ Kd7 23. Nf5 Rh5 24. Nd5 Rf8 25. g3 c6 26. Nde3 Rg8 27. Rf1 Nc7 28. Nd4 Ne6 29. Nxe6 Kxe6 30. Rf4 Rb5 31. b4 a5 32. Nxg4 axb4 33. axb4 Rf8 34. e5 f5 35. d4 Rxb4 36. Ne3 Rb2+ 37. Kf3 b5 38. h5 b4 39. h6 b3 40. d5+ cxd5 41. Rb4 Kxe5 42. Rb5 Rh2 43. Rxd5+ Kf6 44. Rb5 Rxh6 45. Rxb3 Kg5 46. Rb7 Ra6 47. Rb3 Ra5 48. Rc3 Rfa8 49. Kf2 Ra2+ 50. Kf3 R2a3 51. Rxa3 Rxa3 52. Kf2 f4 53. gxf4+ Kxf4 54. Nd5+ Ke4 55. Nf6+ Kf5 56. Nd5 Ke5 57. Ne3 Ke4 58. Ng2 Ra2+ 59. Kg3 Ra3+ 60. Kg4 Ra8 61. Kg3 Rf8 62. Ne1 Rg8+ 63. Kf2 Rf8+ 64. Ke2 Ra8 65. Kd2 Ra2+ 66. Kc3 Re2 67. Nc2 Kd5 68. Nb4+ Ke4 69. Nc2 Rh2 70. Nb4 Rh3+ 71. Kc4 Rh8 72. Kc5 Rc8+ 73. Nc6 Rh8 74. Kd6 Rh1 75. Ke6 Ra1 76. Kd6 Rd1+ 77. Kc5 Rc1+ 78. Kd6 Rc2 79. Ne7 Rd2+ 80. Ke6 Rh2 81. Kd6 Rh6+ 82. Kc5 Ke5 83. Nc6+ Ke6 84. Nd4+ Kd7 85. Kd5 Rh5+ 86. Ke4 Rh4+ 87. Kd5 Rg4 88. Ke5 Rg5+ 89. Ke4 Kc7 90. Ne6+ Kd6 91. Nxg5 1/2-1/2


[Site "https://www.chess.com"]

[Event "Titled Tuesday Blitz April 05 Late 2022"]
[White "Nazaretyan, Tigran"]
[Black "Kobalia, Mikhail"]
[WhiteFideId "24162345"]
[BlackFideId "4119150"]
[WhiteElo "2225"]
[BlackElo "2667"]
[Result "0-1"]
[Round "08"]
[TimeControl "180+1"]
[Date "2022.04.05"]
[WhiteClock "0:00:14"]
[BlackClock "0:01:32"]

1. d4 Nf6 2. c4 g6 3. Nc3 Bg7 4. e4 O-O 5. Nf3 d6 6. Be2 Nbd7 7. O-O e5 8. Be3 h6 9. d5 Ng4 10. Bd2 f5 11. Ne1 Ngf6 12. f3 f4 13. Nd3 g5 14. h3 h5 15. Nf2 Rf7 16. b4 Nf8 17. c5 Ng6 18. a4 Nh4 19. a5 Bf8 20. Na4 Rg7 21. a6 b6 22. Rc1 Qe8 23. cxb6 cxb6 24. Rxc8 Rxc8 25. Nc3 Kh8 26. Qb3 Qd7 27. Rc1 g4 28. fxg4 hxg4 29. hxg4 Nxg4 30. Bb5 Nf3+ 31. gxf3 Ne3+ 32. Ng4 Rxg4+ 33. Kf2 Rg2+ 34. Ke1 Qh3 35. Bxe3 fxe3 36. Bf1 Qg3+ 37. Kd1 Rd2# 0-1


[Site "https://www.chess.com"]

[Event "Titled Tuesday Blitz April 05 Late 2022"]
[White "Novikova, Galina"]
[Black "Ozates, Tuna"]
[WhiteFideId "4157095"]
[BlackFideId "6354521"]
[WhiteElo "2378"]
[BlackElo "2549"]
[Result "1-0"]
[Round "08"]
[TimeControl "180+1"]
[Date "2022.04.06"]
[WhiteClock "0:00:05"]
[BlackClock "0:00:14"]

1. e4 c5 2. Nf3 Nc6 3. d4 cxd4 4. Nxd4 e5 5. Nb5 d6 6. N1c3 a6 7. Na3 b5 8. Nd5 Nge7 9. c3 Nxd5 10. exd5 Ne7 11. g3 Bb7 12. Bg2 h5 13. Nc2 h4 14. O-O Ng6 15. Nb4 hxg3 16. hxg3 Be7 17. Nc6 Qd7 18. a4 bxa4 19. Rxa4 Bd8 20. Be3 Ne7 21. Qg4 Nf5 22. Bg5 Bxg5 23. Qxg5 f6 24. Qg6+ Kf8 25. Bf3 Rh6 26. Qg4 g6 27. Kg2 Kg7 28. Rh1 Rxh1 29. Kxh1 Rh8+ 30. Kg2 Bc8 31. Rc4 Qe8 32. Qe4 Qg8 33. Na7 Qh7 34. Rc7+ Kg8 35. Rxh7 Kxh7 36. Nxc8 Rxc8 37. Bg4 Rb8 38. Bxf5 gxf5 39. Qxf5+ Kg7 40. Qd7+ Kg6 41. Qxd6 Rxb2 42. c4 a5 43. c5 a4 44. c6 Rc2 45. c7 a3 46. Qxa3 Rxc7 47. Qd6 Rc2 48. Qe7 Rd2 49. d6 e4 50. d7 e3 51. d8=Q Rxf2+ 52. Kh3 e2 53. Qg8+ Kf5 54. Qgh7+ Kg5 55. Qee4 f5 56. Qhh4+ Kg6 57. Qe6+ Kg7 58. Qhe7+ Kh8 59. Qc8# 1-0


[Site "https://www.chess.com"]

[Event "Titled Tuesday Blitz April 05 Late 2022"]
[White "Papasimakopoulos, Alexandros"]
[Black "Melikhov, Evgeny V."]
[WhiteFideId "4244125"]
[BlackFideId "4122046"]
[WhiteElo "2695"]
[BlackElo "2361"]
[Result "1-0"]
[Round "08"]
[TimeControl "180+1"]
[Date "2022.04.06"]
[WhiteClock "0:00:38"]
[BlackClock "0:01:08"]

1. d4 Nf6 2. c4 e6 3. Nc3 Bb4 4. Qc2 c5 5. dxc5 Na6 6. a3 Bxc3+ 7. Qxc3 Nxc5 8. f3 d6 9. b4 Na4 10. Qb3 Bd7 11. e4 O-O 12. Bd3 a5 13. Rb1 axb4 14. axb4 b5 15. cxb5 Qb6 16. Ne2 Bxb5 17. Be3 Qxe3 18. Bxb5 Qxb3 19. Rxb3 Rfb8 20. Bc6 Nc5 21. bxc5 Rxb3 22. Bxa8 Rb1+ 23. Kf2 Rxh1 24. cxd6 Kf8 25. e5 Nd7 26. f4 f6 27. Bc6 Nb8 28. Bb5 Rb1 29. Bc4 fxe5 30. fxe5 Nd7 31. Bxe6 Nxe5 32. Bf5 g6 33. Bxb1 1-0


[Site "https://www.chess.com"]

[Event "Titled Tuesday Blitz April 05 Late 2022"]
[White "Papp, Levente"]
[Black "Chernobay, Artem"]
[WhiteFideId "751243"]
[BlackFideId "4167406"]
[WhiteElo "2613"]
[BlackElo "2596"]
[Result "0-1"]
[Round "08"]
[TimeControl "180+1"]
[Date "2022.04.06"]
[WhiteClock "0:00:28"]
[BlackClock "0:00:28"]

1. g3 f5 2. Bg2 e5 3. c4 Nf6 4. Nc3 d6 5. e3 Be7 6. Nge2 O-O 7. O-O c6 8. d4 Qe8 9. b4 Qh5 10. f3 Be6 11. c5 dxc5 12. bxc5 Rd8 13. Qc2 Nbd7 14. Rb1 Rab8 15. a4 Qf7 16. a5 g6 17. Rd1 Bc4 18. Bf1 Nd5 19. Na4 Ba6 20. Bg2 exd4 21. exd4 Bf6 22. Nf4 Nf8 23. Nxd5 Rxd5 24. Be3 Re8 25. Qb3 Ne6 26. Nc3 Nxd4 27. Bxd4 Rxd4 28. Re1 Rxe1+ 0-1


[Site "https://www.chess.com"]

[Event "Titled Tuesday Blitz April 05 Late 2022"]
[White "Pavlidou, Ekaterini"]
[Black "Galego, Luis"]
[WhiteFideId "4213262"]
[BlackFideId "1900072"]
[WhiteElo "2376"]
[BlackElo "2534"]
[Result "0-1"]
[Round "08"]
[TimeControl "180+1"]
[Date "2022.04.06"]
[WhiteClock "0:01:54"]
[BlackClock "0:01:46"]

1. d4 d5 2. c4 e6 3. Nc3 Nf6 4. Bg5 Be7 5. cxd5 exd5 6. e3 O-O 7. Bd3 Be6 8. Nge2 Nbd7 9. Nf4 h6 10. Bxf6 Bxf6 11. Nxe6 fxe6 12. f4 c5 13. Ne2 cxd4 14. exd4 Qb6 15. Qd2 Kh8 16. Bg6 Rac8 17. Rd1 Bh4+ 18. g3 Bf6 19. g4 Bh4+ 20. Ng3 e5 21. O-O Qxg6 22. dxe5 Qxg4 23. Qg2 Rxf4 24. Rxf4 Qxf4 25. Rf1 Qxe5 26. Qh3 Bxg3 27. Qxd7 Bxh2+ 28. Kh1 Rg8 29. Rf5 Qg3 0-1


[Site "https://www.chess.com"]

[Event "Titled Tuesday Blitz April 05 Late 2022"]
[White "Pesotskiy, Mikhail"]
[Black "Curtis, John"]
[WhiteFideId "34164453"]
[BlackFideId "3200256"]
[WhiteElo "2455"]
[BlackElo "2153"]
[Result "0-1"]
[Round "08"]
[TimeControl "180+1"]
[Date "2022.04.06"]
[WhiteClock "0:02:23"]
[BlackClock "0:02:02"]

1. c4 Nf6 2. d4 c5 3. d5 b5 4. cxb5 a6 5. bxa6 Bxa6 6. Nc3 d6 7. Nf3 Nbd7 8. e4 Bxf1 9. Kxf1 g6 10. g3 Bg7 11. Kg2 O-O 12. a4 Ng4 13. Qe2 Qa5 14. Bd2 Qa6 15. Qxa6 Rxa6 16. Rhb1 Rb8 17. Nb5 h6 18. b3 Bxa1 19. Rxa1 Rxb5 0-1


[Site "https://www.chess.com"]

[Event "Titled Tuesday Blitz April 05 Late 2022"]
[White "Piesik, Piotr"]
[Black "Hnydiuk, Aleksander"]
[WhiteFideId "1136194"]
[BlackFideId "1109057"]
[WhiteElo "2190"]
[BlackElo "2374"]
[Result "1/2-1/2"]
[Round "08"]
[TimeControl "180+1"]
[Date "2022.04.05"]
[WhiteClock "0:00:06"]
[BlackClock "0:00:06"]

1. Nf3 Nf6 2. g3 d5 3. Bg2 Nbd7 4. O-O e5 5. d3 Bd6 6. Nbd2 O-O 7. e4 c6 8. Qe2 Re8 9. a4 a5 10. Nb3 Nf8 11. Bd2 b6 12. Rfd1 Ba6 13. Qe1 Rc8 14. Bc3 c5 15. exd5 Nxd5 16. Nfd2 Nb4 17. Rac1 Qc7 18. Nc4 f6 19. Nxd6 Qxd6 20. Nd2 Ne6 21. Bxb4 cxb4 22. Nc4 Qc5 23. b3 Nd4 24. Qe4 Red8 25. Re1 Rc7 26. Kh1 Bb7 27. Qe3 Bxg2+ 28. Kxg2 Rdd7 29. Qe4 Re7 30. Ne3 Rcd7 31. Nc4 Kf7 32. Qxh7 Qd5+ 33. Qe4 Qxe4+ 34. Rxe4 Re6 35. g4 g5 36. Ne3 Kg6 37. Rh1 Rc6 38. h4 gxh4 39. Rxh4 Nxc2 40. Nf5 Rh7 41. Rxh7 Kxh7 42. f4 exf4 43. Re7+ Kg8 44. Kf3 Rc3 45. Rd7 Rxb3 46. Kxf4 Rc3 47. Ne7+ Kf8 48. Nd5 Rxd3 49. Nxb6 Rxd7 50. Nxd7+ Ke7 51. Nc5 Kd6 52. Nb7+ Kd5 53. Nxa5 Nd4 54. Ke3 b3 55. Nxb3 Nxb3 56. Kf4 Ke6 57. g5 fxg5+ 58. Kxg5 Kd5 59. a5 Nxa5 1/2-1/2


[Site "https://www.chess.com"]

[Event "Titled Tuesday Blitz April 05 Late 2022"]
[White "Pinheiro, Iung Alicio de O."]
[Black "Mikhailov, Viacheslav"]
[WhiteFideId "2104350"]
[BlackFideId "4187369"]
[WhiteElo "2569"]
[BlackElo "2381"]
[Result "0-1"]
[Round "08"]
[TimeControl "180+1"]
[Date "2022.04.05"]
[WhiteClock "0:00:07"]
[BlackClock "0:00:40"]

1. c4 Nf6 2. g3 g6 3. Bg2 Bg7 4. Nc3 O-O 5. d3 d6 6. Bg5 c6 7. Qd2 Nbd7 8. e4 Nc5 9. Nge2 h6 10. Be3 Ng4 11. Bd4 e5 12. Bxc5 dxc5 13. h3 Nf6 14. Qe3 Qe7 15. O-O-O Be6 16. Kb1 Rfb8 17. f4 b5 18. cxb5 cxb5 19. f5 b4 20. fxe6 bxc3 21. exf7+ Qxf7 22. Nxc3 c4 23. Rhf1 cxd3 24. Qxd3 Qb7 25. Rf2 Kh7 26. Rdf1 Rd8 27. Nd5 Nxd5 28. exd5 e4 29. Bxe4 Rd6 30. h4 Rb6 31. b3 Re8 32. h5 Kh8 33. Bxg6 Rd8 34. Be4 Qe7 35. Rf5 Rc8 36. Rc1 Rxc1+ 37. Kxc1 Qa3+ 38. Kd1 Qxa2 39. Rf3 Ra6 40. d6 Qa3 41. d7 Qa1+ 42. Ke2 Ra2+ 43. Ke3 Qc1+ 0-1


[Site "https://www.chess.com"]

[Event "Titled Tuesday Blitz April 05 Late 2022"]
[White "Prohorov, Olexandr"]
[Black "Levin, Anthony"]
[WhiteFideId "14105578"]
[BlackFideId "30940680"]
[WhiteElo "2437"]
[BlackElo "2056"]
[Result "1-0"]
[Round "08"]
[TimeControl "180+1"]
[Date "2022.04.06"]
[WhiteClock "0:00:05"]
[BlackClock "0:00:08"]

1. Nf3 d5 2. d4 Nf6 3. c4 c6 4. Nc3 e6 5. e3 Nbd7 6. Qc2 Bd6 7. g4 e5 8. cxd5 cxd5 9. g5 Ne4 10. Nxe4 dxe4 11. Qxe4 O-O 12. Bd3 g6 13. Bd2 Re8 14. O-O-O exd4 15. Qxd4 Nc5 16. Bc2 Ne6 17. Qd5 Be7 18. Bc3 Qxd5 19. Rxd5 b6 20. e4 Bb7 21. Rd7 Bc6 22. Rd2 Nxg5 23. Nd4 Bb7 24. Re1 Bc5 25. Ree2 Nxe4 26. Bxe4 Bxe4 27. b4 Bf8 28. Kb2 Rad8 29. Nb5 Rxd2+ 30. Rxd2 Bc6 31. Nd4 Bb7 32. Nb5 a6 33. Nd6 Rb8 34. Nxb7 Rxb7 35. Rd8 f5 36. Kb3 Kf7 37. Ra8 a5 38. bxa5 bxa5+ 39. Kc4 Bb4 40. Bd4 Rc7+ 41. Kd5 Rd7+ 42. Kc4 Rc7+ 43. Kb5 Rb7+ 44. Kc6 Re7 45. f4 Re6+ 46. Kd5 Re7 47. Be5 Rd7+ 48. Kc6 Re7 49. Rd8 Re6+ 50. Kd5 Re7 51. Rh8 Rd7+ 52. Kc6 Ke6 53. Re8+ Re7 54. Rf8 a4 55. Rf6# 1-0


[Site "https://www.chess.com"]

[Event "Titled Tuesday Blitz April 05 Late 2022"]
[White "Rasulov, Vugar"]
[Black "Kosteniuk, Alexandra"]
[WhiteFideId "13402390"]
[BlackFideId "4128125"]
[WhiteElo "2560"]
[BlackElo "2469"]
[Result "1/2-1/2"]
[Round "08"]
[TimeControl "180+1"]
[Date "2022.04.05"]
[WhiteClock "0:00:29"]
[BlackClock "0:00:07"]

1. d4 Nf6 2. c4 e6 3. Nc3 Bb4 4. Bd2 b6 5. Nf3 Bb7 6. e3 O-O 7. Be2 d5 8. O-O c5 9. a3 Bxc3 10. Bxc3 Ne4 11. Rc1 Nxc3 12. Rxc3 Nd7 13. dxc5 Nxc5 14. b4 Ne4 15. Rc1 Rc8 16. Qd4 Qf6 17. cxd5 Bxd5 18. Qxf6 gxf6 19. Nd4 Bb7 20. f3 Nc3 21. Kf2 f5 22. Rfe1 Nxe2 23. Nxe2 Kg7 24. Nd4 Bd5 25. Nb5 a5 26. Na7 Rxc1 27. Rxc1 axb4 28. axb4 Rd8 29. Rc7 Kf6 30. Nb5 Ra8 31. Nd6 e5 32. Nc8 Ra2+ 33. Kg3 b5 34. Nb6 Be6 35. Rc5 Re2 36. Rxb5 Rxe3 37. Nd5+ Bxd5 38. Rxd5 Re2 39. Rd6+ Kg7 40. b5 Rb2 41. b6 Rb4 42. Rc6 h5 43. Kh3 h4 44. Rd6 e4 45. fxe4 fxe4 46. Kxh4 e3+ 47. Kg3 Re4 48. Rd1 Rb4 49. Re1 Rxb6 50. Rxe3 Rg6+ 51. Kf2 Ra6 52. h3 Ra4 53. Kf3 Kg6 54. Re4 Ra3+ 55. Kf4 Ra2 56. g4 Rf2+ 57. Kg3 Ra2 58. Re3 Ra4 59. h4 f6 60. Rf3 Rb4 61. h5+ Kg7 62. Rc3 Kh6 63. Rc8 Kg7 64. Rc7+ Kg8 65. h6 Kh8 66. Kh4 f5 67. Kg5 Rxg4+ 68. Kxf5 Rg1 69. Rg7 Rxg7 70. hxg7+ Kxg7 1/2-1/2


[Site "https://www.chess.com"]

[Event "Titled Tuesday Blitz April 05 Late 2022"]
[White "Reprintsev, Alexander"]
[Black "Sapunov, Evgeny"]
[WhiteFideId "14100541"]
[BlackFideId "4126661"]
[WhiteElo "2108"]
[BlackElo "2470"]
[Result "1-0"]
[Round "08"]
[TimeControl "180+1"]
[Date "2022.04.05"]
[WhiteClock "0:01:22"]
[BlackClock "0:00:08"]

1. e4 c5 2. b3 e6 3. Qe2 Nc6 4. Bb2 d6 5. f4 e5 6. Qf2 Nf6 7. Nc3 Be7 8. O-O-O O-O 9. h3 a6 10. g4 b5 11. g5 b4 12. gxf6 bxc3 13. dxc3 Bxf6 14. f5 Qe7 15. Bc4 Bb7 16. Nf3 Na5 17. Bd5 c4 18. Nh2 Rac8 19. Ng4 cxb3 20. axb3 Nc6 21. Rhg1 Kh8 22. Kb1 Rc7 23. Ba3 Rd8 24. Rd3 Na7 25. Bxb7 Rxb7 26. c4 a5 27. Rgd1 Nc8 28. Rd5 a4 29. b4 Re8 30. b5 Rc7 31. c5 Qd7 32. c4 h6 33. Qc2 h5 34. Nxf6 gxf6 35. cxd6 Rb7 36. Ka2 Kh7 37. R5d3 Rg8 38. Qe2 Rg5 39. h4 Rg4 40. Re3 Nb6 41. c5 Nc4 42. Qxc4 Rxb5 43. c6 1-0


[Site "https://www.chess.com"]

[Event "Titled Tuesday Blitz April 05 Late 2022"]
[White "Roman, Rodrigo"]
[Black "Sadovsky, Artem"]
[WhiteFideId "3701220"]
[BlackFideId "4155840"]
[WhiteElo "2252"]
[BlackElo "2488"]
[Result "0-1"]
[Round "08"]
[TimeControl "180+1"]
[Date "2022.04.06"]
[WhiteClock "0:00:01"]
[BlackClock "0:00:09"]

1. e4 g6 2. Nf3 Bg7 3. Bb5 c6 4. Ba4 d5 5. exd5 Qxd5 6. Bb3 Qe4+ 7. Qe2 Qxe2+ 8. Kxe2 Bg4 9. h3 Bxf3+ 10. Kxf3 Nd7 11. Re1 Ngf6 12. Nc3 e6 13. d3 O-O-O 14. Bf4 Nd5 15. Nxd5 cxd5 16. c3 Nc5 17. Bc2 d4 18. c4 Rhe8 19. b4 Nd7 20. g4 e5 21. Bg5 f6 22. Bd2 f5 23. Kg3 e4 24. Rad1 e3 25. fxe3 dxe3 26. Bxe3 Bc3 27. Re2 Bxb4 28. gxf5 gxf5 29. Kf3 Ne5+ 30. Kf2 f4 31. Bxf4 Bc5+ 32. Be3 Rf8+ 33. Kg2 Rg8+ 34. Kh1 Bxe3 35. Rxe3 Nc6 36. Rg1 Nd4 37. Bb3 Rge8 38. Rge1 Rf8 39. Bd1 Rf2 40. Kg1 Rxa2 41. Bg4+ Kc7 42. Re7+ Kd6 43. Rxh7 Rf8 44. Rd7+ Kc5 45. Rd5+ Kb4 46. Rxd4 Rff2 47. c5+ Kc3 48. Rc4+ Kxd3 49. Rec1 Rg2+ 50. Kf1 Rh2 51. R1c3+ Kd2 52. Kg1 Ke1 53. Rc2 Raxc2 54. Re4+ Kd2 55. Kxh2 Kd3+ 56. Kg3 Kxe4 57. h4 Rc3+ 58. Kg2 Rxc5 59. h5 Kf4 60. Be2 Kg5 61. Kf3 Kh6 62. Ke4 Rxh5 63. Bf3 Rb5 64. Kd4 Rb6 65. Kc5 Kg7 66. Bd5 Kf6 67. Be4 Ke7 68. Bd5 Kd8 69. Be6 Kc7 70. Bd5 Kb8 71. Bxb7 Kc7 72. Bd5 a5 73. Bc4 Rb4 74. Bd5 Rh4 75. Kb5 Rh5 76. Kc4 Kb6 77. Bf3 Rh4+ 78. Kb3 Kc5 79. Be2 Rb4+ 80. Kc3 Rb8 81. Bd1 Kb6 82. Kb3 Ka6+ 83. Ka4 Rb4+ 84. Ka3 Rd4 85. Be2+ Kb6 86. Bf1 a4 87. Be2 Ka5 88. Bf1 Re4 89. Bg2 Re3+ 90. Ka2 Kb4 91. Bd5 Re5 92. Bg8 Re7 93. Bd5 Rg7 94. Be6 Ra7 95. Bd5 Ra5 96. Bf7 Re5 97. Bg8 Re2+ 98. Ka1 Rg2 99. Bf7 Rg3 100. Be6 Ka3 101. Kb1 Rg7 102. Bd5 Rc7 103. Be6 Rc5 104. Bf7 Re5 105. Ka1 Re7 106. Bg6 Ra7 107. Kb1 Rg7 108. Bd3 Rg4 109. Kc2 Kb4 110. Kb2 Rg2+ 111. Ka1 Rh2 112. Be4 Kb3 113. Bd5+ Ka3 114. Kb1 Rd2 115. Be6 Rd1+ 116. Kc2 Ra1 117. Bf7 Rf1 118. Kd2 Kb2 119. Be8 a3 120. Bb5 Rg1 121. Be2 Rg7 122. Kd3 Rc7 123. Ke3 Rc3+ 124. Kd4 a2 125. Bc4 a1=Q 126. Bd3 Qa5 127. Ke4 Qd8 128. Be2 Rc7 129. Bg4 Ka3 130. Kf5 Kb4 131. Ke5 Ka5 132. Be6 Kb6 133. Kf5 Ka6 0-1


[Site "https://www.chess.com"]

[Event "Titled Tuesday Blitz April 05 Late 2022"]
[White "Romanchuk, Viktor"]
[Black "VengoDelFuturo"]
[WhiteFideId "14109271"]
[WhiteElo "2559"]
[BlackElo "2376"]
[Result "1-0"]
[Round "08"]
[TimeControl "180+1"]
[Date "2022.04.06"]
[WhiteClock "0:00:15"]
[BlackClock "0:00:04"]

1. d4 Nf6 2. c4 g6 3. Nc3 Bg7 4. Nf3 O-O 5. g3 d5 6. cxd5 Nxd5 7. Bg2 c5 8. O-O Nc6 9. Nxd5 Qxd5 10. dxc5 Qxc5 11. Qb3 Be6 12. Qxb7 Rab8 13. Qa6 Nb4 14. Qa3 a5 15. Bf4 Rbc8 16. Rac1 Qb5 17. Rc7 Nd5 18. Rxc8 Rxc8 19. Be5 Bxe5 20. Nxe5 Qxe2 21. Nf3 Qc4 22. Qxa5 Nb4 23. Ng5 Bg4 24. b3 Qd4 25. Nf3 Bxf3 26. Bxf3 Nd3 27. Qd2 Ne5 28. Qe2 Qc3 29. Kg2 h5 30. h3 h4 31. g4 Nd3 32. Qe3 1-0


[Site "https://www.chess.com"]

[Event "Titled Tuesday Blitz April 05 Late 2022"]
[White "Romero Ruscalleda, Josep"]
[Black "Golubev, Mikhail"]
[WhiteFideId "2231859"]
[BlackFideId "14100983"]
[WhiteElo "2296"]
[BlackElo "2411"]
[Result "0-1"]
[Round "08"]
[TimeControl "180+1"]
[Date "2022.04.06"]
[WhiteClock "0:00:19"]
[BlackClock "0:00:21"]

1. e4 c5 2. c3 d5 3. exd5 Nf6 4. Nf3 Nxd5 5. d4 cxd4 6. Nxd4 g6 7. Bc4 Bg7 8. Qf3 Nf6 9. Nd2 O-O 10. O-O e5 11. N4b3 Nc6 12. Ne4 Nxe4 13. Qxe4 Bf5 14. Qe2 Qc7 15. Be3 Rad8 16. f3 a6 17. a4 Rfe8 18. a5 Nd4 19. cxd4 exd4 20. Rac1 Rxe3 21. Qd2 Qe7 22. Nc5 d3 23. Ne4 Re2 24. Qf4 Be5 25. Qh6 d2 26. Bxe2 dxc1=Q 27. Qxc1 Qb4 28. Qc5 Qxc5+ 29. Nxc5 Bd4+ 30. Kh1 Bxc5 31. Rc1 Be3 32. Rc7 Rd2 0-1


[Site "https://www.chess.com"]

[Event "Titled Tuesday Blitz April 05 Late 2022"]
[White "Rorrer, Grayson"]
[Black "Rosen, Eric"]
[WhiteFideId "30944996"]
[BlackFideId "2032562"]
[WhiteElo "2122"]
[BlackElo "2362"]
[Result "1-0"]
[Round "08"]
[TimeControl "180+1"]
[Date "2022.04.05"]
[WhiteClock "0:00:24"]
[BlackClock "0:00:01"]

1. e4 e5 2. Nc3 Nf6 3. d4 exd4 4. Qxd4 Nc6 5. Qd3 Bc5 6. Bf4 O-O 7. O-O-O d6 8. f3 Nb4 9. Qd2 Be6 10. Kb1 Nd7 11. h4 Nb6 12. h5 a5 13. g4 Qd7 14. h6 g6 15. g5 Na4 16. Bb5 Bxa2+ 17. Ka1 Qe6 18. Bxa4 c6 19. Nge2 b5 20. Nc1 Bc4 21. Bb3 d5 22. exd5 cxd5 23. Rhe1 Qf5 24. Re5 Qh3 25. Bxc4 bxc4 26. Nxd5 Qxf3 27. Nf6+ Kh8 28. Rxc5 Rfb8 29. Bxb8 Qxf6 30. gxf6 1-0


[Site "https://www.chess.com"]

[Event "Titled Tuesday Blitz April 05 Late 2022"]
[White "Rudzinska, Michalina"]
[Black "Baches Garcia, Guillermo"]
[WhiteFideId "1172883"]
[BlackFideId "2209764"]
[WhiteElo "2301"]
[BlackElo "2503"]
[Result "0-1"]
[Round "08"]
[TimeControl "180+1"]
[Date "2022.04.06"]
[WhiteClock "0:00:04"]
[BlackClock "0:00:09"]

1. Nf3 d5 2. b3 Nf6 3. Bb2 e6 4. e3 Be7 5. d4 O-O 6. Bd3 b6 7. O-O Bb7 8. Ne5 c5 9. Nd2 Nc6 10. f4 g6 11. Rf3 Re8 12. Rh3 Bf8 13. dxc5 bxc5 14. Bb5 Rc8 15. Ndf3 Bg7 16. Ng5 Nxe5 17. fxe5 Ne4 18. Nxe4 dxe4 19. Bxe8 Qxe8 20. Qg4 c4 21. Rf1 c3 22. Ba3 Bxe5 23. Qh4 h5 24. Be7 Ba6 25. Re1 Qd7 26. Bf6 Bxf6 27. Qxf6 Qd2 28. Qf2 Rd8 29. Qh4 Rd5 30. g4 Kg7 31. g5 Rf5 32. Qg3 Qd5 33. Kh1 Rxg5 34. Qf2 Rf5 35. Qg1 Qd2 36. Rg3 Be2 37. h3 Bf3+ 38. Rxf3 exf3 39. Rc1 f2 40. Qf1 Qxe3 41. Rd1 Qf3+ 42. Kh2 Qf4+ 43. Kh1 Qf3+ 44. Kh2 Qxd1 45. Qxd1 f1=Q 46. Qd4+ Rf6 0-1


[Site "https://www.chess.com"]